 Dungeon Crawl Stone Soup version 0.25.0-9-g26727b657a (webtiles) character file.

Game seed: 1812519958796214686

152 protoss039 the Digger (level 5, 0/28 HPs)
             Began as a Deep Elf Earth Elementalist on June 20, 2020.
             Slain by a sky beast (5 damage)
             ... on level 3 of the Dungeon.
             The game lasted 00:05:20 (2699 turns).

protoss039 the Digger (Deep Elf Earth Elementalist) Turns: 2699, Time: 00:05:20

Health: 0/28       AC:  2    Str:  5    XL:     5   Next: 11%
Magic:  7/13       EV: 13    Int: 21    God:
Gold:   123        SH:  0    Dex: 15    Spells: 6/12 levels left

rFire    . . .     SeeInvis .   g - +0 short sword
rCold    . . .     Gourm    .   (no shield)
rNeg     . . .     Faith    .   c - +0 robe
rPois    .         Spirit   .   (no helmet)
rElec    .         Reflect  .   (no cloak)
rCorr    .         Harm     .   (no gloves)
MR       .....                  (no boots)
Stlth    ++........             (no amulet)
HPRegen  0.09/turn              (no ring)
MPRegen  0.13/turn              (no ring)

@: no status effects
A: no striking features
a: no special abilities


You were on level 3 of the Dungeon.
You were not hungry.

You visited 1 branch of the dungeon, and saw 3 of its levels.

You collected 123 gold pieces.

Inventory:

Hand Weapons
 g - a +0 short sword (weapon)
Missiles
 b - 15 stones (quivered)
Armour
 c - a +0 robe (worn)
Scrolls
 a - a scroll of noise {unknown}
 m - a scroll of immolation {unknown}
 n - a scroll of identify {unknown}
Potions
 e - 2 potions of stabbing {unknown}
 h - 2 potions of flight {unknown}
 i - a potion of invisibility {unknown}
 j - a potion of curing {unknown}
 k - a potion of haste {unknown}
 l - a potion of degeneration {unknown}
Comestibles
 d - 4 rations
 f - 4 chunks of flesh


   Skills:
 + Level 0.4 Fighting
 + Level 1.1 Short Blades
 - Level 2.4 Dodging
 + Level 2.9 Stealth
 + Level 4.2 Spellcasting
 + Level 1.1 Transmutations
 * Level 5.3 Earth Magic


You had 6 spell levels left.
You knew the following spells:

 Your Spells              Type           Power        Failure   Level  Hunger
a - Sandblast             Erth           ####..       1%          1    None
b - Passwall              Tmut/Erth      ###.....     4%          2    #......
c - Stone Arrow           Conj/Erth      ###...       12%         3    ###....

Your spell library contained the following spells:

 Spells                   Type           Power        Failure   Level  Hunger
 Petrify                  Tmut/Erth      ###.....     30%         4    ####...
 Lee's Rapid Deconstruct  Erth           ####......   34%         5    ######.


Dungeon Overview and Level Annotations

Branches:
Dungeon (3/15)

Altars:
Kikubaaqudgha


Message History

Something barely misses you.
Casting: Sandblast (safe; 1% risk of failure)
Confirm with . or Enter, or press ? or * to list all spells.
Aiming: Sandblast (safe; 1% risk of failure)
Press: ? - help, Shift-Dir - straight line, f - hobgoblin
Aim: a hobgoblin The blast of sand misses the hobgoblin.
b - 16 stones Something hits you.
Something shocks you.
* * * LOW HITPOINT WARNING * * *
Casting: Sandblast (safe; 1% risk of failure)
Confirm with . or Enter, or press ? or * to list all spells.
Aiming: Sandblast (safe; 1% risk of failure)
Press: ? - help, Shift-Dir - straight line The blast of sand hits something.
b - 15 stones Something hits you.
* * * LOW HITPOINT WARNING * * *
Something shocks you.
You die...

#[.# .# ..
#..##(# .#
######...#.##..#
#...............
#.#####....##..#
#..<....%#
#..####.##
#.{......#
#@#.###..#
#.....# ###S..#
##..# #..# ##†#
... ..#.. ...
..#


You could see an adder.

Vanquished Creatures
  An orc wizard (D:3)
  Terence (D:2)
  3 adders (D:2)
  2 worms (D:2)
  2 dart slugs
  3 leopard geckos (D:1)
  3 orcs
  4 goblins
  5 hobgoblins
  5 jackals
  5 kobolds
  4 quokkas
  8 bats
  3 frilled lizards
  7 rats
56 creatures vanquished.

Notes
Turn   | Place    | Note
-------+----------+-------------------------------------------
     0 | D:1      | protoss039 the Deep Elf Earth Elementalist began the quest
                  | for the Orb.
     0 | D:1      | Reached XP level 1. HP: 10/10 MP: 6/6
   160 | D:1      | Reached XP level 2. HP: 11/15 MP: 4/8
   295 | D:1      | Reached skill level 4 in Earth Magic
  1112 | D:2      | Reached XP level 3. HP: 19/19 MP: 9/9
  1177 | D:2      | Noticed Terence
  1181 | D:2      | Killed Terence
  1648 | D:2      | Reached XP level 4. HP: 13/24 MP: 9/11
  2094 | D:2      | Reached skill level 5 in Earth Magic
  2518 | D:3      | Found an ancient bone altar of Kikubaaqudgha.
  2520 | D:3      | Reached skill level 1 in Short Blades
  2520 | D:3      | Reached XP level 5. HP: 20/28 MP: 10/13
  2583 | D:2      | Learned a level 2 spell: Passwall
  2587 | D:2      | Learned a level 3 spell: Stone Arrow
  2682 | D:3      | Noticed a sky beast
  2699 | D:3      | Slain by a sky beast

Illustrated notes

Levels and vault maps discovered:
D:1:      tarquinn_simple_flora_water_b, layout_loops_ring
D:2:      layout_loops_ring, minmay_misc_feat_plants, uniq_terence
D:3:      layout_basic, lemuel_crystal_altar, first_ration, uniq_ijyb

Skill      XL: |  1  2  3  4 |
---------------+-------------+-----
Earth Magic    | 4 5 |  5.3
Spellcasting   | 4 |  4.2
Short Blades   | 1 |  1.1
Fighting       | |  0.4
Dodging        | |  2.4
Stealth        | |  2.9
Transmutations | |  1.1

Action                   |  1- 3 |  4- 6 || total
-------------------------+-------+-------++-------
Melee: Unarmed           |    13 |       ||    13
       Short sword       |    46 |    21 ||    67
 Cast: Sandblast         |    33 |    33 ||    66
 Stab: Sleeping          |     5 |     1 ||     6
  Eat: Chunk             |     2 |     3 ||     5
Armor: Robe              |    16 |     2 ||    18
Dodge: Dodged            |    66 |    26 ||    92
